 Dungeon Crawl Stone Soup version 0.31-a0-743-g45f7035092 (webtiles) character file.

Game seed: 11900964922203371299

18 Bravepunisher the Ducker (level 2, -7/16 HPs)
             Began as a Spriggan Monk on Sept 13, 2023.
             Mangled by an ogre
             ... wielding a +0 giant spiked club
              (23 damage)
             ... on level 6 of the Dungeon.
             The game lasted 00:02:29 (495 turns).

Bravepunisher the Ducker (Spriggan Monk)             Turns: 495, Time: 00:02:30

Health: -7/16      AC:  2    Str:  7    XL:     2   Next: 51%
Magic:  3/3        EV: 19    Int: 11    God:
Gold:   0          SH:  0    Dex: 17    Spells: 1/1 levels left

rFire   . . .        a - +0 short sword
rCold   . . .        d - orb {light}
rNeg    . . .        b - +0 robe
rPois   .            (helmet restricted)
rElec   .            (no cloak)
rCorr   .            (gloves unavailable)
SInv    +            (boots unavailable)
Will    .....        (no amulet)
Stlth   +            (no ring)
HPRegen 0.22/turn    (no ring)
MPRegen 0.08/turn

%: no passive effects
@: glowing, very quick
A: very small, no large weapons, unfitting armour, see invisible, speed 3
a: no special abilities


You were on level 6 of the Dungeon.
You visited 1 branch of the dungeon, and saw 8 of its levels.

Inventory:

Hand Weapons
 a - a +0 short sword (weapon)
Armour
 b - a +0 robe (worn)
 d - an orb of light (worn)
Jewellery
 g - a ring of protection from fire
Potions
 c - a potion of ambrosia
 i - a potion of curing


   Skills:
 + Level 2.7 Fighting
 - Level 3.2 Short Blades
 * Level 4.8 Dodging


You had one spell level left.
You didn't know any spells.
Your spell library was empty.

Dungeon Overview and Level Annotations

Branches:
Dungeon (8/15)
 Temple: D:4-7         Lair: D:8-11

Altars:
Cheibriados

Annotations:
D:3 1 runed translucent door, SirDiesAlot's ghost, amateur OgBe
D:5 Grinder


Innate Abilities, Weirdness & Mutations

You are very small and have problems with some larger weapons.
You are too small for most types of armour.
You have supernaturally acute eyesight. (SInv)
You cover ground extremely quickly. (Speed+++)


Message History

Found a robe.
There is a stone staircase leading down here.
Found a pair of boots.
Found 7 stones.
You see here a +0 robe.
An iguana and a hound come into view.
The iguana hisses angrily.
The hound barks!
As you open the door, it creaks loudly!
An adder comes into view.
The adder hisses angrily.
You hear a shout!
The iguana hisses menacingly.
An ogre comes into view. It is wielding a +0 giant club.
You open the door.
Found a scroll labelled CAKORA RETEWOWN.
There is an open door here.
An ogre comes into view. It is wielding a +0 giant spiked club.
The ogre shouts!
The hound attacks as it pursues you! The hound completely misses you.
The hound attacks as it pursues you! The hound bites you.
The hound attacks as it pursues you! The hound barely misses you.
The hound attacks as it pursues you! The hound barely misses you.
Found a mace.
Found a scroll labelled EGUOL FAH KYJ.
The hound attacks as it pursues you! The hound closely misses you.
The hound pauses to sniff the ground.
Found a snail-covered altar of Cheibriados.
You aren't carrying any scrolls.
Unknown command.
It was a potion of cancellation.
You feel magically purged.
It was a potion of curing.
You feel better. The hound barely misses you.
You hit the hound.
The hound is lightly wounded.
The hound completely misses you. The hound misses you.
The hound attacks as it pursues you! The hound misses you.
The hound pauses to sniff the ground.
The hound attacks as it pursues you! The hound bites you but does no damage.
The ogre hits you with a +0 giant spiked club!!
Ouch! That really hurt!
You die...

..##... ..#... ..'...
..##.####################
..##....................#
..#).#...#...#?..#...#..#
'###........l.........._#
...###.O.#...#.OO#...#..#
....?...........@h......#
....S####################
.........# .........#
.........# #####.....#
.....+ .....# .....#


You could see 2 ogres, an iguana and a hound.

Vanquished Creatures
  An adder (D:4)
  An orc (D:3)
  A ball python (D:3)
  A goblin (D:4)
  A kobold (D:2)
  A bat (D:1)
  2 frilled lizards
  A rat (D:3)
9 creatures vanquished.

Notes
Turn   | Place    | Note
-------+----------+-------------------------------------------
     0 | D:1      | Bravepunisher the Spriggan Monk began the quest for the
                  | Orb.
     0 | D:1      | Reached XP level 1. HP: 11/11 MP: 2/2
   173 | D:3      | Found a runed translucent door.
   173 | D:3      | Noticed SirDiesAlot's ghost (amateur OgBe)
   222 | D:4      | Reached XP level 2. HP: 15/16 MP: 3/3
   296 | D:4      | Noticed a scorpion
   323 | D:5      | Entered Level 5 of the Dungeon
   323 | D:5      | Noticed Grinder
   331 | D:5      | You fall into a shaft and drop 3 floors!
   367 | D:7      | Noticed a scorpion
   461 | D:6      | Noticed an ogre
   467 | D:6      | Noticed an ogre
   482 | D:6      | Found a snail-covered altar of Cheibriados.
   495 | D:6      | Mangled by an ogre

Illustrated notes

Levels and vault maps discovered:
D:1:      erik_arrival_orb_chamber, layout_basic,
          shapermc_ecumenical_altar_notcrosses
D:2:      layout_loops_cross, basic_altar, minmay_misc_feat_iff
D:3:      layout_basic, amcnicky_altar_gilded, gammafunk_ghost_grave,
          nicolae_elevator_lobby_plus
D:4:      layout_loops_ring, nicolae_tso_carved_into_rock, minivault_23,
          grunt_ministairs_10
D:5:      layout_rooms, minivault_23, uniq_grinder
D:6:      layout_gridville, lemuel_coloured_pillars_altar,
          minmay_temple_entry_grid
D:7:      layout_loops_ring
D:8:      layout_rooms, due_lair_maze_entry_diamond, special_room
          [special_room_orc], gammafunk_ghost_smash, minmay_diced_spiral

Action                     || total
---------------------------++-------
  Melee: Short sword       ||    31
    Use: Scroll            ||     2
         Potion            ||     2
 Armour: Robe              ||    14
  Dodge: Dodged            ||    25

Table legend: (Time is in decaauts)
 A = Elapsed time spent in this place.
 B = Non-inter-level travel time spent in this place.
 C = Inter-level travel time spent in this place.
 D = Time resting spent in this place.
 E = Time spent auto-exploring this place.
 F = Levels seen in this place.
 G = Mean time per level.
                   A        B        C        D        E       F      G
               +--------+--------+--------+--------+--------+-----+--------+
         Total |    313 |    313 |      0 |      0 |    120 |   8 |   39.1 |
       Dungeon |    313 |    313 |      0 |      0 |    120 |   8 |   39.1 |
               +--------+--------+--------+--------+--------+-----+--------+

Top non-repeatable levels by time:
     D:3: 79 daAuts
     D:4: 69 daAuts
     D:7: 50 daAuts
     D:6: 48 daAuts
     D:1: 44 daAuts
     D:2: 12 daAuts
     D:5: 5 daAuts
     D:8: 4 daAuts
